AoeStats
← Chris

Arena

506585745Analyzed
4v4 RM · 19d ago on Sep 14, 2026· 48m 50s· 8 players
Game mode
Random Map
Map size
Large (8 player)
Population
200
Speed
Normal
Resources
Standard
Victory
Conquest
Starting age
Dark Age
Ending age
Imperial Age
RankedLock teamsTeams togetherTeam positionsShared explorationLock speedFull tech treeHidden civsTurbo modeCheats
Victory
Defeat
🇮🇳 Mongols · India
1391
+15
🇨🇦 Turks · Canada
1388
+15
🇺🇸 Persians · United States
1374
+16
🇦🇷 Bulgarians · Argentina
1365
+16
🇦🇷 Burgundians · Argentina
1400
-16
🇦🇷 Spanish · Argentina
1376
-16
🇦🇷 Turks · Argentina
1376
-16
🇦🇷 Wei · Argentina
1322
-14
Chris
10:38 Feudal Age
14:26 Castle Age
12:39 Horse Collar
14:51 Double-Bit Axe
16:04 Bow Saw
21:03 Heavy Plow
22:49 Stone Mining
24:49 Wheelbarrow
24:00 Loom
24:00 Town Watch
24:55 Stone Shaft Mining
26:00 Gold Mining
29:23 Imperial Age
27:09 Scale Barding Armor
28:02 Chain Barding Armor
29:00 Bloodlines
28:51 Husbandry
29:04 Forging
28:59 Cavalier
29:09 Capped Ram
30:40 Plate Barding Armor
30:02 Heavy Camel Rider
33:18 Light Cavalry
34:46 Iron Casting
36:00 Hand Cart
36:13 Savar
39:16 Hussar
46:16 Elite War Elephant
47:16 Conscription
47:59 Blast Furnace
46:50 Fletching
Manan369
10:44 Feudal Age
11:48 Double-Bit Axe
14:55 Castle Age
12:46 Double-Bit Axe
13:08 Horse Collar
22:36 Loom
27:58 Wheelbarrow
27:38 Bow Saw
28:57 Scale Barding Armor
29:27 Forging
29:52 Bloodlines
33:14 Hand Cart
34:24 Town Watch
34:30 Gold Mining
34:41 Heavy Plow
37:54 Gold Mining
40:08 Gold Shaft Mining
43:27 Imperial Age
41:07 Stone Mining
41:24 Fletching
43:07 Bodkin Arrow
43:29 Padded Archer Armor
43:31 Husbandry
44:20 Bracer
44:50 Parthian Tactics
45:53 Two-Man Saw
45:44 Thumb Ring
46:49 Leather Archer Armor
46:56 Chain Barding Armor
47:39 Conscription
[VA] PabloB
10:48 Feudal Age
14:47 Castle Age
16:22 Double-Bit Axe
20:06 Horse Collar
22:12 Fletching
22:19 Loom
24:58 Bow Saw
25:23 Gold Mining
27:00 Scale Barding Armor
28:35 Gold Shaft Mining
28:33 Bloodlines
28:24 Husbandry
29:33 Wheelbarrow
30:25 Forging
32:46 Pikeman
35:27 Hand Cart
36:15 Chain Barding Armor
41:46 Imperial Age
39:44 Heavy Plow
41:30 Squires
41:31 Scale Mail Armor
41:46 Stirrups
42:28 Iron Casting
42:45 Chain Mail Armor
42:17 Arson
41:54 Halberdier
42:46 Cavalier
43:23 Light Cavalry
44:50 Plate Mail Armor
44:01 Capped Ram
47:11 Blast Furnace
46:28 Town Watch
46:45 Gambesons
47:18 Siege Ram
48:58 Plate Barding Armor
OKOK
10:25 Feudal Age
14:27 Castle Age
12:19 Horse Collar
13:04 Double-Bit Axe
16:21 Bow Saw
24:43 Wheelbarrow
23:54 Loom
26:13 Gold Mining
29:35 Imperial Age
27:31 Fletching
27:57 Bloodlines
27:48 Husbandry
28:13 Bodkin Arrow
28:59 Padded Archer Armor
30:35 Hand Cart
30:43 Bracer
35:01 Leather Archer Armor
35:58 Heavy Plow
36:47 Conscription
37:32 Chemistry
36:53 Ballistics
36:03 Light Cavalry
36:49 Scale Barding Armor
37:16 Parthian Tactics
36:57 Thumb Ring
37:04 Stone Mining
37:49 Chain Barding Armor
38:45 Elite Mangudai
42:19 Forging
41:45 Hussar
46:42 Iron Casting
48:09 Blast Furnace
47:19 Siege Engineers
47:25 Masonry
48:01 Hoardings
48:10 Gold Shaft Mining
48:11 Stone Shaft Mining
48:42 Fortified Wall
SvS CHEO
10:47 Feudal Age
9:25 Double-Bit Axe
9:22 Horse Collar
10:20 Wheelbarrow
9:44 Gold Mining
11:51 Bow Saw
11:52 Heavy Plow
18:13 Hand Cart
18:34 Stone Mining
19:23 Gold Shaft Mining
23:47 Stone Mining
27:38 Castle Age
26:42 Stone Shaft Mining
29:30 Coinage
30:50 Two-Man Saw
31:39 Crop Rotation
40:52 Imperial Age
38:09 Loom
38:58 Scale Mail Armor
39:09 Forging
39:20 Scale Barding Armor
40:23 Chain Mail Armor
40:22 Squires
41:19 Iron Casting
42:02 Conscription
41:47 Arson
42:52 Plate Mail Armor
43:22 Chain Barding Armor
44:28 Chemistry
44:43 Blast Furnace
43:42 Cavalier
44:23 Husbandry
45:14 Town Watch
45:01 Paladin
47:23 Pikeman
SvS LaMorba
11:45 Feudal Age
15:36 Castle Age
14:36 Double-Bit Axe
14:33 Horse Collar
16:42 Bow Saw
16:58 Loom
22:19 Gold Mining
22:35 Stone Mining
23:29 Heavy Plow
24:26 Scale Barding Armor
25:01 Bloodlines
26:18 Chain Barding Armor
27:33 Husbandry
28:58 Forging
29:50 Wheelbarrow
29:04 Town Watch
32:09 Hand Cart
35:47 Imperial Age
34:52 Gold Shaft Mining
34:54 Stone Shaft Mining
34:53 Tuntian
35:54 Heavy Hei Guang Cavalry
39:48 Conscription
39:28 Elite Tiger Cavalry
40:32 Scale Mail Armor
41:13 Iron Casting
SvS Sabach
9:35 Feudal Age
8:19 Loom
13:39 Castle Age
13:34 Double-Bit Axe
18:12 Horse Collar
23:46 Wheelbarrow
25:27 Padded Archer Armor
25:56 Devotion
30:04 Hand Cart
29:54 Husbandry
33:27 Leather Archer Armor
33:49 Heavy Plow
35:44 Fletching
37:47 Elite Skirmisher
38:40 Thumb Ring
39:17 Bodkin Arrow
41:33 Ballistics
44:24 Imperial Age
SvS Smolf
9:57 Feudal Age
13:38 Castle Age
11:24 Loom
16:49 Padded Archer Armor
24:17 Imperial Age
26:09 Scale Barding Armor
26:15 Forging
27:24 Chain Barding Armor
27:37 Heavy Camel Rider
28:18 Husbandry
28:29 Bloodlines
Connection lost

Rejoining the realm…

Still unreachable

The connection could not be restored.

Session expired

The server has moved on; the page needs a fresh start.